[Event "Titled Tuesday Blitz April 26 Early 2022"]
[White "Safarli, Eltaj"]
[Black "Alekseenko, Kirill"]
[WhiteFideId "13402129"]
[BlackFideId "4135539"]
[WhiteElo "2634"]
[BlackElo "2682"]
[Result "0-1"]
[Round "05"]
[TimeControl "180+1"]
[Date "2022.04.26"]
[WhiteClock "0:00:01"]
[BlackClock "0:00:37"]

1. e4 e5 2. Nf3 Nc6 3. Bb5 a6 4. Ba4 d6 5. O-O Bd7 6. Re1 Nge7 7. c3 Ng6 8. d4 Be7 9. Be3 O-O 10. Nbd2 exd4 11. cxd4 Nb4 12. Nf1 b5 13. Bb3 c5 14. a3 Nc6 15. Ng3 Bg4 16. Rc1 cxd4 17. Bxd4 Nxd4 18. Qxd4 Bxf3 19. gxf3 Bf6 20. Qb4 Bxb2 21. Rcd1 Be5 22. Kh1 Qf6 23. Rd3 Nh4 24. Bd5 Rac8 25. Qb3 g6 26. Rg1 Kh8 27. Ne2 Rc5 28. Rg4 h5 29. Rg1 a5 30. Re3 a4 31. Qd3 Rfc8 32. Ba2 Kg7 33. Bd5 Bf4 34. Nxf4 Qxf4 35. Qd4+ Qe5 36. Qd1 Qf6 37. Rf1 Rc3 38. f4 Qxf4 39. Qd4+ Qe5 0-1


[Site "https://www.chess.com"]

[Event "Titled Tuesday Blitz April 26 Early 2022"]
[White "Saim, Mohamed Ilias"]
[Black "Palacio,Igor Da Paz"]
[WhiteFideId "7900465"]
[BlackFideId "2121140"]
[WhiteElo "2006"]
[BlackElo "2144"]
[Result "0-1"]
[Round "05"]
[TimeControl "180+1"]
[Date "2022.04.26"]
[WhiteClock "0:00:01"]
[BlackClock "0:00:08"]

1. d4 Nf6 2. Nf3 g6 3. e3 Bg7 4. c4 d6 5. Be2 O-O 6. O-O Nbd7 7. Nc3 e5 8. b4 Re8 9. a4 exd4 10. exd4 a5 11. b5 Ne4 12. Nxe4 Rxe4 13. Qc2 Nf6 14. Bg5 Re8 15. Rfe1 Bf5 16. Bd3 Bxd3 17. Qxd3 Qd7 18. Rad1 h6 19. Bxf6 Bxf6 20. Qd2 Kg7 21. Rxe8 Qxe8 22. Re1 Qd7 23. Qe3 Qf5 24. Qe4 Qxe4 25. Rxe4 Kf8 26. Kf1 c6 27. bxc6 bxc6 28. d5 c5 29. Rf4 Ke7 30. Re4+ Kf8 31. Rf4 Bc3 32. Re4 Rb8 33. Re3 Bf6 34. g3 Rb4 35. Ra3 Rxc4 36. Rb3 Rxa4 37. Rb8+ Kg7 38. Rb6 Be7 39. Rb7 Bf8 40. Nd2 Rd4 41. Ke2 Rxd5 42. Ra7 Re5+ 43. Kd1 d5 44. Rxa5 Be7 45. f4 Re3 46. Rb5 Ra3 0-1


[Site "https://www.chess.com"]

[Event "Titled Tuesday Blitz April 26 Early 2022"]
[White "Sanchez Alvares, Kelvin Antonio"]
[Black "Djokic, Mihailo"]
[WhiteFideId "3906680"]
[BlackFideId "976440"]
[WhiteElo "2193"]
[BlackElo "2202"]
[Result "1-0"]
[Round "05"]
[TimeControl "180+1"]
[Date "2022.04.26"]
[WhiteClock "0:01:11"]
[BlackClock "0:00:25"]

1. e4 c5 2. Nf3 d6 3. d4 cxd4 4. Nxd4 Nf6 5. f3 Nc6 6. c4 g6 7. Nc3 Bg7 8. Be3 O-O 9. Be2 Bd7 10. Nc2 a6 11. Qd2 Rc8 12. O-O h5 13. Rac1 Qc7 14. Nd5 Nxd5 15. cxd5 Ne5 16. Nd4 Qb8 17. Rxc8 Rxc8 18. Rc1 b5 19. b3 e6 20. f4 Ng4 21. Bxg4 hxg4 22. Nc6 Bxc6 23. Rxc6 Rxc6 24. dxc6 Qc7 25. Qc2 Kf8 26. a4 d5 27. exd5 exd5 28. axb5 axb5 29. Qc5+ Ke8 30. Qxd5 b4 31. Bc5 Bf6 32. Bxb4 Qa7+ 33. Bc5 Qa1+ 34. Kf2 g3+ 35. hxg3 Qb2+ 36. Kg1 Qc1+ 37. Kh2 Qd1 38. Qxd1 1-0


[Site "https://www.chess.com"]

[Event "Titled Tuesday Blitz April 26 Early 2022"]
[White "Sargissyan, Sargis"]
[Black "Tasev, Dejan"]
[WhiteFideId "13303210"]
[BlackFideId "936618"]
[WhiteElo "2174"]
[BlackElo "2253"]
[Result "0-1"]
[Round "05"]
[TimeControl "180+1"]
[Date "2022.04.26"]
[WhiteClock "0:00:49"]
[BlackClock "0:01:35"]

1. e4 c6 2. Nc3 d5 3. Nf3 Bg4 4. h3 Bxf3 5. Qxf3 e6 6. Be2 Nf6 7. O-O Be7 8. e5 Nfd7 9. Qg3 g6 10. d4 h5 11. f4 a6 12. Be3 c5 13. dxc5 Nxc5 14. f5 gxf5 15. Qg7 Rf8 16. Bxh5 Nc6 17. Rad1 Qc7 18. Rxf5 O-O-O 19. Rxf7 Rg8 20. Qh7 d4 21. Bxd4 Nxd4 22. Rxe7 Qc6 23. Qe4 Nxe4 0-1


[Site "https://www.chess.com"]

[Event "Titled Tuesday Blitz April 26 Early 2022"]
[White "Seifert, Henryk"]
[Black "Prohorov, Olexandr"]
[WhiteFideId "1100963"]
[BlackFideId "14105578"]
[WhiteElo "2120"]
[BlackElo "1993"]
[Result "1/2-1/2"]
[Round "05"]
[TimeControl "180+1"]
[Date "2022.04.26"]
[WhiteClock "0:02:05"]
[BlackClock "0:01:38"]

1. e4 c5 2. Nf3 e6 3. c3 Nf6 4. e5 Nd5 5. d4 cxd4 6. cxd4 d6 7. Bc4 Nb6 8. Bb3 dxe5 9. dxe5 Qxd1+ 10. Bxd1 Nc6 11. O-O Bd7 12. Nc3 Be7 13. Bf4 O-O 14. a3 a6 15. Be2 Rfd8 16. Rfd1 Na5 1/2-1/2


[Site "https://www.chess.com"]

[Event "Titled Tuesday Blitz April 26 Early 2022"]
[White "Seo, Jung Min"]
[Black "Bortnyk, Olexandr"]
[WhiteFideId "1734687"]
[BlackFideId "14120828"]
[WhiteElo "2401"]
[BlackElo "2723"]
[Result "0-1"]
[Round "05"]
[TimeControl "180+1"]
[Date "2022.04.26"]
[WhiteClock "0:00:27"]
[BlackClock "0:00:06"]

1. d4 d6 2. e4 Nf6 3. Nc3 Nbd7 4. f4 e5 5. Nf3 exd4 6. Qxd4 c6 7. Be3 d5 8. exd5 Bc5 9. Qd3 Qe7 10. Kd2 cxd5 11. Re1 O-O 12. Bd4 Qd6 13. Ne5 Qb6 14. Nxd7 Bxd7 15. Bxc5 Qxc5 16. Kc1 d4 17. Nd1 Rac8 18. Qd2 Qd5 19. Kb1 Ne4 20. Qc1 f5 21. Bd3 Bb5 22. Bxe4 fxe4 23. Qd2 Bc4 24. b3 e3 25. Qb4 Ba6 26. g3 Qg2 27. c4 b5 28. c5 Rfd8 29. Rhg1 Qd5 30. Nb2 Rxc5 31. Qa5 Bc8 32. Qxa7 Bf5+ 33. Ka1 Ra8 34. Qb6 Qxb3 35. a4 Qa3# 0-1


[Site "https://www.chess.com"]

[Event "Titled Tuesday Blitz April 26 Early 2022"]
[White "Shtyka, Sergey"]
[Black "Sargsyan, Anna M."]
[WhiteFideId "4138465"]
[BlackFideId "13308130"]
[WhiteElo "2014"]
[BlackElo "2271"]
[Result "0-1"]
[Round "05"]
[TimeControl "180+1"]
[Date "2022.04.26"]
[WhiteClock "0:00:01"]
[BlackClock "0:01:01"]

1. e4 c6 2. Nf3 d5 3. Nc3 Bg4 4. h3 Bxf3 5. Qxf3 Nf6 6. d3 e6 7. a3 Nbd7 8. g3 Bc5 9. Bg2 O-O 10. O-O h6 11. Qe2 Bd4 12. Nd1 Ne8 13. c3 Bf6 14. f4 dxe4 15. dxe4 e5 16. Ne3 Nc5 17. Rd1 Qb6 18. Kh2 exf4 19. gxf4 Nb3 20. Rb1 Nc7 21. e5 Bd8 22. Nf5 Nxc1 23. Rbxc1 Ne6 24. Qg4 Kh7 25. Rd6 g6 26. Nd4 Nxd4 27. cxd4 Bc7 28. Rd7 Rad8 29. b4 h5 30. Rxd8 Rxd8 31. Qf3 Qxd4 32. Re1 Qc4 33. Re4 Qc2 34. f5 Rd7 35. fxg6+ fxg6 36. Kh1 Qd1+ 37. Qxd1 Rxd1+ 38. Kh2 Rd5 39. Kg3 Kg7 40. Kf4 Kf7 41. Rc4 Rxe5 42. Kf3 g5 43. a4 Rf5+ 44. Ke2 Bf4 45. b5 cxb5 46. Rb4 Re5+ 47. Kf2 bxa4 48. Rxb7+ Kf6 0-1


[Site "https://www.chess.com"]

[Event "Titled Tuesday Blitz April 26 Early 2022"]
[White "Sihite, Chelsie Monica Ignesias"]
[Black "Steil-Antoni, Fiona"]
[WhiteFideId "7101198"]
[BlackFideId "4001249"]
[WhiteElo "2224"]
[BlackElo "2059"]
[Result "1-0"]
[Round "05"]
[TimeControl "180+1"]
[Date "2022.04.26"]
[WhiteClock "0:01:34"]
[BlackClock "0:00:01"]

1. e4 e5 2. Nf3 Nc6 3. Bc4 Bc5 4. O-O Nf6 5. d4 Bxd4 6. Nxd4 Nxd4 7. Bg5 Ne6 8. Bh4 O-O 9. Nc3 c6 10. Bxe6 fxe6 11. Bg3 d6 12. Qe2 Qe7 13. Rad1 Bd7 14. Qd3 Ne8 15. Rd2 Rd8 16. Nd1 Bc8 17. Qa3 a6 18. Bxe5 Qg5 19. Bc3 e5 20. Rd3 Kh8 21. Ba5 Rd7 22. Rg3 Qf4 23. Qe3 Rdf7 24. Bd2 Qf6 25. Qd3 h6 26. Ne3 Be6 27. c4 b5 28. b3 Qh4 29. f3 Rf6 30. Be1 Qh5 31. Ng4 Bxg4 32. Rxg4 Qxg4 33. fxg4 Rxf1+ 34. Qxf1 Rxf1+ 35. Kxf1 Kg8 36. Ke2 Kf7 37. Bh4 Ke6 38. cxb5 cxb5 39. Kd3 Nc7 40. a4 d5 41. Bd8 Ne8 42. h3 Kd7 43. Ba5 Kc6 44. Bc3 Kd6 45. Bb4+ Ke6 46. Bf8 Kf7 47. Bc5 Ke6 48. exd5+ Kxd5 49. Bf8 Ke6 50. axb5 axb5 51. Kc3 Kf7 52. Bc5 g6 53. Kb4 Nc7 54. Bd6 Nd5+ 55. Kc5 Ke6 56. Bf8 h5 57. gxh5 gxh5 58. Bh6 e4 59. Kd4 Kf5 60. Kxd5 h4 61. Be3 1-0


[Site "https://www.chess.com"]

[Event "Titled Tuesday Blitz April 26 Early 2022"]
[White "Simonovic, Miroslav"]
[Black "Minko, Dmitry"]
[WhiteFideId "919152"]
[BlackFideId "24188468"]
[WhiteElo "2043"]
[BlackElo "1928"]
[Result "0-1"]
[Round "05"]
[TimeControl "180+1"]
[Date "2022.04.26"]
[WhiteClock "0:00:01"]
[BlackClock "0:00:36"]

1. d4 d5 2. Bg5 Nd7 3. e3 Ngf6 4. c4 e6 5. Nc3 Be7 6. f4 c5 7. Nf3 cxd4 8. exd4 O-O 9. Ne5 h6 10. Bh4 dxc4 11. Bxc4 Nd5 12. Bxe7 Qxe7 13. Nxd5 exd5 14. Bxd5 Nxe5 15. fxe5 Rd8 16. Qb3 Qh4+ 17. g3 Qxd4 18. Bxf7+ Kh8 19. Rd1 Qxe5+ 20. Kf2 Bg4 21. Rxd8+ Rxd8 22. Qe3 Qxb2+ 23. Kg1 Rd1+ 0-1


[Site "https://www.chess.com"]

[Event "Titled Tuesday Blitz April 26 Early 2022"]
[White "Sjugirov, Sanan"]
[Black "Karacsonyi, Gellert"]
[WhiteFideId "4189302"]
[BlackFideId "764620"]
[WhiteElo "2602"]
[BlackElo "2187"]
[Result "1/2-1/2"]
[Round "05"]
[TimeControl "180+1"]
[Date "2022.04.26"]
[WhiteClock "0:00:04"]
[BlackClock "0:00:04"]

1. d4 Nf6 2. c4 e6 3. Nf3 d5 4. Nc3 Nbd7 5. Bf4 dxc4 6. e3 b5 7. Nxb5 Bb4+ 8. Nc3 Nd5 9. Qc2 Nxf4 10. exf4 Bb7 11. Be2 Nb6 12. O-O Qd6 13. g3 Qc6 14. Nd1 O-O 15. Ne3 Rad8 16. Rfd1 Qe4 17. Qxe4 Bxe4 18. a3 Be7 19. Rac1 Bxf3 20. Bxf3 Bf6 21. Nxc4 Bxd4 22. b4 Nxc4 23. Rxc4 Bb6 24. Kf1 Rxd1+ 25. Bxd1 Rd8 26. Ke2 Kf8 27. Bc2 h6 28. h4 Ke7 29. h5 a5 30. bxa5 Bxa5 31. Be4 Bb6 32. Bf3 Rd4 33. Rc3 Ra4 34. Bc6 Ra5 35. a4 Rc5 36. Rxc5 Bxc5 37. f3 Kd6 38. Be8 f6 39. Kd3 e5 40. Ke4 exf4 41. Kxf4 Bb4 42. Kf5 Bc3 43. Bb5 c6 44. Be2 Ke7 45. g4 Bb4 46. Bd3 Bc3 47. Be4 c5 48. Bd3 Bb4 49. Bc4 Bc3 50. Kg6 Kf8 51. Bb5 Bb4 52. Kf5 Ke7 53. Ke4 Kd6 54. Bd3 Ba5 55. Bc4 Bb4 56. f4 Ba5 57. Kf5 Bd2 58. Bd3 Ke7 59. Be2 Bb4 60. Kg6 Kf8 61. Bc4 Bd2 62. Kf5 Ke7 63. Ke4 Kd6 64. Bd3 Bb4 65. Kf5 Bd2 66. Be2 Ke7 67. Bf1 Bb4 68. Kg6 Kf8 69. g5 fxg5 70. fxg5 hxg5 71. Kxg5 Bd2+ 72. Kf5 Ke7 73. Ke5 Kd7 74. Kd5 Ke7 75. Kxc5 Kf6 76. Bd3 Kg5 77. Bg6 Kf6 78. Kb6 Ke7 79. a5 Bxa5+ 80. Kxa5 Kf8 81. Kb5 Kg8 82. Kc5 Kh8 83. Kd5 Kg8 84. Ke5 Kh8 85. Kf5 Kg8 86. Kg5 Kh8 87. Kf5 Kg8 88. Ke6 Kh8 89. Ke7 Kg8 90. Be4 Kh8 91. Bd5 Kh7 92. Kf8 g6 93. Be4 Kh8 94. hxg6 1/2-1/2


[Site "https://www.chess.com"]

[Event "Titled Tuesday Blitz April 26 Early 2022"]
[White "Sovetbekova, Nurai"]
[Black "Begunov, Konstantin"]
[WhiteFideId "13801910"]
[BlackFideId "4118510"]
[WhiteElo "1538"]
[BlackElo "2262"]
[Result "1-0"]
[Round "05"]
[TimeControl "180+1"]
[Date "2022.04.26"]
[WhiteClock "0:00:07"]
[BlackClock "0:00:09"]

1. d4 d5 2. c4 c6 3. Nf3 Nf6 4. g3 Bg4 5. Ne5 Bf5 6. cxd5 cxd5 7. Nc3 e6 8. Qa4+ Nbd7 9. Bg2 Bd6 10. O-O O-O 11. Nxd7 Qxd7 12. Qxd7 Nxd7 13. Nb5 Be7 14. Bf4 a6 15. Nd6 g5 16. Nxf5 exf5 17. Bd2 Nb6 18. Rac1 Rac8 19. b3 Rc6 20. Ba5 Rb8 21. Bxb6 Rxb6 22. Bxd5 Rd6 23. Bg2 Rxd4 24. Rc7 Bd6 25. Rxb7 Rxb7 26. Bxb7 a5 27. e3 Rd2 28. a4 Kg7 29. Ba6 Kf6 30. Bc4 f4 31. exf4 gxf4 32. Kg2 Kg6 33. Kf3 f6 34. gxf4 Kf5 35. Re1 Bxf4 36. Be6+ Kg5 37. Rg1+ Kh4 38. Kxf4 Rxf2+ 39. Ke3 Rxh2 40. Rg4+ Kh5 41. Rf4 Kg5 42. Rf5+ Kg6 43. Rxa5 Rh1 44. Bd5 Rb1 45. Be4+ Kh6 46. Bxb1 f5 47. Rxf5 Kg6 48. Rf1+ Kh6 49. a5 Kg5 50. a6 h5 51. a7 Kg4 52. a8=Q h4 53. Qg2+ Kh5 54. Qg6# 1-0


[Site "https://www.chess.com"]

[Event "Titled Tuesday Blitz April 26 Early 2022"]
[White "Srebrnic, Marko"]
[Black "Dauner, Benedikt"]
[WhiteFideId "14603616"]
[BlackFideId "16225899"]
[WhiteElo "2340"]
[BlackElo "2230"]
[Result "1-0"]
[Round "05"]
[TimeControl "180+1"]
[Date "2022.04.26"]
[WhiteClock "0:00:56"]
[BlackClock "0:00:02"]

1. e4 b6 2. Nc3 Bb7 3. g3 g6 4. Bg2 Bg7 5. Nge2 e6 6. O-O Ne7 7. d4 d6 8. Be3 Nd7 9. Qd2 h6 10. Rad1 a6 11. f4 d5 12. e5 h5 13. Kh1 c5 14. h3 Qc7 15. Nb1 O-O-O 16. c3 Kb8 17. a4 Ka8 18. Na3 Nf5 19. Bf2 Bf8 20. Ra1 Be7 21. Kg1 Kb8 22. b4 c4 23. Nc2 Rdg8 24. Ne3 Ka7 25. Bf3 Ka8 26. Kg2 Nf8 27. Rh1 Nd7 28. g4 hxg4 29. hxg4 Nxe3+ 30. Bxe3 Qd8 31. Ng3 f6 32. Rxh8 Rxh8 33. Rh1 Rxh1 34. Kxh1 fxe5 35. dxe5 g5 36. Ne2 gxf4 37. Bxf4 Qh8+ 38. Kg2 Nxe5 39. Qd4 Bf6 40. g5 Bg7 41. Bxe5 Bxe5 42. Qxb6 Qh2+ 43. Kf1 Bc7 44. Qg1 Qh7 45. g6 Qg7 46. Nd4 Bc8 47. Qg2 Kb8 48. b5 axb5 49. Nxb5 Be5 50. Qg1 Ba6 51. Qb6+ Bb7 52. Qxe6 Bxc3 53. Qd6+ Ka8 54. Qd8+ 1-0


[Site "https://www.chess.com"]

[Event "Titled Tuesday Blitz April 26 Early 2022"]
[White "Starozhilov, Leonid"]
[Black "Ivic, Velimir"]
[WhiteFideId "14106752"]
[BlackFideId "950122"]
[WhiteElo "2414"]
[BlackElo "2610"]
[Result "0-1"]
[Round "05"]
[TimeControl "180+1"]
[Date "2022.04.26"]
[WhiteClock "0:00:02"]
[BlackClock "0:00:04"]

1. e4 c5 2. Nf3 Nc6 3. Bb5 e6 4. O-O Nge7 5. Re1 Nd4 6. Nxd4 cxd4 7. c3 a6 8. Bf1 Nc6 9. Na3 d5 10. Nc2 dxe4 11. Rxe4 d3 12. Ne1 e5 13. Nxd3 Bf5 14. Rxe5+ Nxe5 15. Nxe5 Bd6 16. Nf3 O-O 17. d4 b5 18. Be3 Qd7 19. Ne5 Qe6 20. Nf3 Qd5 21. h3 Rfe8 22. Bd3 Bxd3 23. Qxd3 h6 24. b3 Rac8 25. Rc1 Ba3 26. Rc2 Qb7 27. Qf5 Bd6 28. Rc1 Qc7 29. c4 Qa5 30. Qc2 bxc4 31. bxc4 Ba3 32. Rb1 Qd5 33. Qb3 Qa5 34. c5 Rb8 35. Qxb8 Rxb8 36. Rxb8+ Kh7 37. Rb3 Bb4 38. a3 Bxa3 39. g3 Qa4 40. Rb1 Qc2 41. Re1 a5 42. Ne5 a4 43. c6 Bd6 44. Nxf7 Qxc6 45. Nxd6 Qxd6 46. Ra1 Qb4 47. Kh2 a3 48. d5 Qb2 49. Rd1 a2 50. Bd4 Qxd4 51. Rxd4 a1=Q 52. Rf4 Qe5 53. h4 Qxd5 54. Kg1 Qe5 55. Kg2 g5 56. hxg5 hxg5 57. Rb4 Qd5+ 58. Kh2 Qf3 59. Rb2 Kg6 60. Rb6+ Kh5 61. Rb2 Qe4 62. Rd2 Kg4 63. Rb2 Kf3 64. Rd2 g4 65. Rb2 Qe1 66. Rb3+ Kxf2 67. Rf3+ gxf3 0-1


[Site "https://www.chess.com"]

[Event "Titled Tuesday Blitz April 26 Early 2022"]
[White "Stribuk, Artiom"]
[Black "Khusenkhojaev, Muhammad"]
[WhiteFideId "13515659"]
[BlackFideId "14700247"]
[WhiteElo "2259"]
[BlackElo "2180"]
[Result "1-0"]
[Round "05"]
[TimeControl "180+1"]
[Date "2022.04.26"]
[WhiteClock "0:00:21"]
[BlackClock "0:01:18"]

1. d4 Nf6 2. c4 e6 3. Nc3 d5 4. cxd5 exd5 5. Bg5 c6 6. e3 h6 7. Bf4 Bd6 8. Bg3 Bf5 9. Qb3 Bxg3 10. hxg3 Qb6 11. Nf3 Nbd7 12. Be2 Ne4 13. Qa3 a5 14. O-O Qb4 15. Nxe4 dxe4 16. Qxb4 axb4 17. Nd2 Nf6 18. Nc4 Ke7 19. a3 bxa3 20. Nxa3 Be6 21. Nc4 Bxc4 22. Bxc4 Nd5 23. Bxd5 cxd5 24. g4 Kd6 25. Rfc1 Rhc8 26. Rxc8 Rxc8 27. Ra7 Ra8 28. Rxa8 1-0


[Site "https://www.chess.com"]

[Event "Titled Tuesday Blitz April 26 Early 2022"]
[White "Svane, Frederik"]
[Black "Eynullayev, Atilla"]
[WhiteFideId "12923044"]
[BlackFideId "13413570"]
[WhiteElo "2459"]
[BlackElo "1936"]
[Result "1-0"]
[Round "05"]
[TimeControl "180+1"]
[Date "2022.04.26"]
[WhiteClock "0:01:29"]
[BlackClock "0:00:27"]

1. e4 c5 2. Nf3 d6 3. d4 cxd4 4. Nxd4 Nf6 5. f3 e5 6. Nb3 d5 7. Bg5 Be6 8. Bxf6 gxf6 9. Bb5+ Nc6 10. exd5 Qxd5 11. Qxd5 Bxd5 12. Nc3 Bb4 13. O-O-O Be6 14. Nd5 Bxd5 15. Rxd5 Ke7 16. c3 Bd6 17. Rhd1 Rhd8 18. Kc2 a6 19. Bxc6 bxc6 20. R5d3 f5 21. Na5 Rac8 22. Nb7 1-0


[Site "https://www.chess.com"]

[Event "Titled Tuesday Blitz April 26 Early 2022"]
[White "Svane, Rasmus"]
[Black "Nakamura, Hikaru"]
[WhiteFideId "4657101"]
[BlackFideId "2016192"]
[WhiteElo "2645"]
[BlackElo "2850"]
[Result "0-1"]
[Round "05"]
[TimeControl "180+1"]
[Date "2022.04.26"]
[WhiteClock "0:00:02"]
[BlackClock "0:00:27"]

1. Nf3 d5 2. g3 Nf6 3. Bg2 e6 4. O-O Be7 5. c4 O-O 6. b3 d4 7. e3 c5 8. Ne5 Ne8 9. exd4 cxd4 10. f4 d3 11. Nc3 f6 12. Nf3 Nc6 13. Bb2 Nc7 14. Kh1 b6 15. Qe1 Nb4 16. Rc1 Bb7 17. Nb5 Nc2 18. Qd1 Nxb5 19. cxb5 Qd7 20. Ne1 Bxg2+ 21. Kxg2 Qxb5 22. Nxc2 dxc2 23. Rxc2 e5 24. d4 exf4 25. Rxf4 Rad8 26. Re4 Bd6 27. Qf3 Qd5 28. Rce2 Qa5 29. a4 Qd5 30. Re6 Qxf3+ 31. Kxf3 Kf7 32. g4 Bb4 33. h4 h6 34. Rc6 Rd7 35. Rec2 Bd6 36. Bc3 Rfd8 37. a5 bxa5 38. Bxa5 Rb8 39. R2c3 Rb5 40. Bc7 Bb4 41. Rd3 Be7 42. Ke4 h5 43. gxh5 Rxh5 44. Bg3 f5+ 45. Kf4 g6 46. d5 Bxh4 47. Ke5 Bd8 48. d6 Bf6+ 49. Kf4 Rh8 50. Rc7 Rd8 51. Rxd7+ Rxd7 52. Kf3 g5 53. Bf2 Be5 54. Bc5 Ke6 55. Re3 g4+ 56. Ke2 Kd5 57. b4 Bxd6 58. Rd3+ Kc6 0-1


[Site "https://www.chess.com"]

[Event "Titled Tuesday Blitz April 26 Early 2022"]
[White "Swiercz, Dariusz"]
[Black "Urazayev, Arystanbek"]
[WhiteFideId "1126881"]
[BlackFideId "13709810"]
[WhiteElo "2627"]
[BlackElo "2422"]
[Result "1-0"]
[Round "05"]
[TimeControl "180+1"]
[Date "2022.04.26"]
[WhiteClock "0:00:11"]
[BlackClock "0:00:19"]

1. Nf3 Nf6 2. b3 g6 3. Bb2 Bg7 4. c4 O-O 5. g3 d6 6. Bg2 c5 7. O-O Nc6 8. d4 cxd4 9. Nxd4 Bd7 10. Nc2 a6 11. Nc3 Rb8 12. Ne3 b5 13. Qd2 Ne5 14. cxb5 axb5 15. Ncd5 Nxd5 16. Nxd5 e6 17. Nb4 d5 18. Rfc1 Qb6 19. e3 Rfc8 20. Bd4 Qd6 21. Qb2 Qxb4 22. Bxe5 Bxe5 23. Qxe5 Qd2 24. Rc7 Be8 25. h4 h5 26. Bh3 Rxc7 27. Qxc7 Ra8 28. Qe7 b4 29. Rf1 Bb5 30. Qb7 Ra5 31. Bxe6 fxe6 32. Qc8+ Kg7 33. Qc7+ Kf6 34. Qxa5 Bxf1 35. Kxf1 e5 36. Kg2 d4 37. Qd8+ Kg7 38. Qe7+ Kg8 39. Qe6+ Kf8 40. Qf6+ Kg8 41. Qxg6+ Kf8 42. Qh6+ Kg8 43. Qe6+ Kf8 44. Qf5+ Kg8 45. Qg5+ Kf8 46. exd4 Qxd4 47. Qf5+ Kg8 48. Qxh5 e4 49. Qg5+ Kh8 50. Qe3 Qd5 51. Qh6+ Kg8 52. Qg5+ Qxg5 53. hxg5 Kf7 54. f4 Kg6 55. Kf2 1-0


[Site "https://www.chess.com"]

[Event "Titled Tuesday Blitz April 26 Early 2022"]
[White "Tanenbaum, Zachary"]
[Black "Ibrahimli, Murad"]
[WhiteFideId "2060850"]
[BlackFideId "13410229"]
[WhiteElo "2168"]
[BlackElo "2109"]
[Result "0-1"]
[Round "05"]
[TimeControl "180+1"]
[Date "2022.04.26"]
[WhiteClock "0:00:35"]
[BlackClock "0:01:33"]

1. e4 c5 2. Nf3 d6 3. d4 cxd4 4. Nxd4 Nf6 5. Nc3 a6 6. Be3 e5 7. Nb3 Be6 8. h3 h5 9. f4 Qc7 10. Qd2 Nbd7 11. O-O-O Rc8 12. f5 Bc4 13. Bxc4 Qxc4 14. Qd3 b5 15. Qxc4 Rxc4 16. Na5 Rc7 17. a3 h4 18. Bg5 Rxc3 19. bxc3 Nxe4 20. Bd2 Nf2 21. Bg5 Nxh1 22. Rxh1 Rh5 23. Be3 Rxf5 24. Rd1 Nf6 25. Nb7 d5 26. Bc5 Bxc5 27. Nxc5 Rf2 28. Nxa6 Kd7 29. Nb4 Ke6 30. Na6 Kd6 31. Rd2 Rxd2 32. Kxd2 Ne4+ 33. Kd3 f5 34. Nb4 g5 35. Na2 g4 36. Ke3 gxh3 37. gxh3 Nxc3 38. Nxc3 d4+ 39. Kd3 dxc3 40. Kxc3 f4 41. Kd3 Kd5 0-1


[Site "https://www.chess.com"]

[Event "Titled Tuesday Blitz April 26 Early 2022"]
[White "Tatarinov, Dmitry"]
[Black "Yuan, Qingyu"]
[WhiteFideId "24160067"]
[BlackFideId "8609772"]
[WhiteElo "2302"]
[BlackElo "2359"]
[Result "0-1"]
[Round "05"]
[TimeControl "180+1"]
[Date "2022.04.26"]
[WhiteClock "0:00:12"]
[BlackClock "0:00:06"]

1. d4 d5 2. c4 e6 3. Nf3 Nf6 4. g3 dxc4 5. Bg2 c5 6. O-O Nc6 7. Na3 cxd4 8. Nxc4 Be7 9. Qb3 O-O 10. Rd1 Bc5 11. e3 Nd5 12. exd4 Be7 13. Nfe5 Na5 14. Nxa5 Qxa5 15. Bd2 Qb6 16. Qxb6 Nxb6 17. Rac1 Bd6 18. Bf4 Nd5 19. Bd2 b6 20. Rc6 Rd8 21. Rdc1 Bb7 22. R6c4 f6 23. Nc6 Rd7 24. a4 Ba6 25. R4c2 Bd3 26. Bxd5 exd5 27. Rc3 Bf5 28. f3 h5 29. Kf2 Kf7 30. b4 Re8 31. b5 g5 32. Re3 Rxe3 33. Bxe3 Rc7 34. Nd8+ Ke8 35. Nc6 Kd7 36. h4 gxh4 37. gxh4 a5 38. Rg1 Ke6 39. Re1 Kf7 40. Re2 Rc8 41. Re1 Rg8 42. Rc1 Bg3+ 43. Ke2 Bd6 44. Kf2 Rg3 45. Na7 Rh3 46. Rc6 Rh2+ 47. Kg1 Bg3 48. Bf4 Bxf4 49. Rxb6 Bh3 50. Nc6 Rd2 51. Rb7+ Kg6 52. Re7 Rd1+ 53. Kf2 Rd2+ 54. Ke1 Rc2 55. Re8 Kf7 56. Re7+ Kf8 57. Re2 Rc1+ 58. Kf2 Rf1# 0-1


[Site "https://www.chess.com"]

[Event "Titled Tuesday Blitz April 26 Early 2022"]
[White "Terzi, Alexei"]
[Black "Rom, Jasper"]
[WhiteFideId "13505076"]
[BlackFideId "2023733"]
[WhiteElo "2031"]
[BlackElo "2233"]
[Result "0-1"]
[Round "05"]
[TimeControl "180+1"]
[Date "2022.04.26"]
[WhiteClock "0:00:02"]
[BlackClock "0:00:02"]

1. e4 e6 2. d4 d5 3. Bd3 dxe4 4. Bxe4 Nf6 5. Bf3 Nbd7 6. Bf4 c5 7. c3 Qb6 8. Qd2 cxd4 9. cxd4 Bb4 10. Nc3 O-O 11. Nge2 Nd5 12. Bxd5 exd5 13. O-O Nf6 14. Ng3 Be6 15. a3 Be7 16. Rfe1 Rfe8 17. b4 Qa6 18. Qe2 Qc4 19. Nb5 Bd8 20. Rac1 Qxe2 21. Rxe2 Bd7 22. Nd6 Rxe2 23. Nxe2 b6 24. Be5 Ne4 25. f3 Nxd6 26. Bxd6 Rc8 27. Rxc8 Bxc8 28. Nc3 Bb7 29. b5 f6 30. Kf1 Kf7 31. Ke2 Ke6 32. Bg3 Be7 33. a4 Bb4 34. Nd1 a6 35. Be1 Bd6 36. g3 axb5 37. axb5 Bc8 38. Nc3 Bd7 39. Kd3 Bb4 40. Bd2 Bxc3 41. Kxc3 Bxb5 42. Bf4 Be2 43. Bc7 b5 44. Kd2 Bxf3 45. Ke3 Be4 46. Ba5 Kd7 47. Bb4 Kc6 48. Kf4 Kd7 49. Ke3 Ke6 50. Kf4 g5+ 51. Ke3 h5 52. Bf8 Kf5 53. Kf2 Kg4 54. Be7 f5 55. Bd6 h4 56. Be7 hxg3+ 57. hxg3 f4 58. gxf4 Kxf4 59. Bd6+ Kf5 60. Kg3 Bd3 61. Kf3 Bc2 62. Ke3 Bd1 63. Kd2 Bf3 64. Ke3 Be4 65. Bc5 Kg4 66. Bd6 Kh3 67. Kf2 g4 0-1


[Site "https://www.chess.com"]

[Event "Titled Tuesday Blitz April 26 Early 2022"]
[White "Topalov, Aleksandar"]
[Black "Myshakov, Fyodor"]
[WhiteFideId "925659"]
[BlackFideId "14111284"]
[WhiteElo "2158"]
[BlackElo "2310"]
[Result "0-1"]
[Round "05"]
[TimeControl "180+1"]
[Date "2022.04.26"]
[WhiteClock "0:00:03"]
[BlackClock "0:00:16"]

1. b3 d5 2. Bb2 c6 3. f4 Nf6 4. Nf3 Bg4 5. e3 e6 6. Be2 Bxf3 7. Bxf3 Be7 8. O-O O-O 9. d3 Nbd7 10. Nd2 Rc8 11. g4 Ne8 12. e4 f6 13. e5 fxe5 14. fxe5 Bc5+ 15. Kh1 Qh4 16. Qe2 g6 17. Bg2 Ng7 18. Rae1 h5 19. h3 Bf2 20. Rd1 Qg3 21. Ba3 c5 22. Bb2 Rf4 23. gxh5 Nxh5 24. Nf3 Rcf8 25. Qxf2 Rxf3 26. Bxf3 Qxh3+ 27. Kg1 Rf5 28. Bg2 Qg4 29. Qd2 Nf4 30. Rxf4 Rxf4 31. Rf1 g5 32. Bc1 Nxe5 33. Rxf4 gxf4 34. Qxf4 Qd1+ 35. Kh2 Nf7 36. Qd2 Qh5+ 37. Kg1 b6 38. a4 a5 39. Qe1 Qg4 40. Be3 Ne5 41. Qf2 Nf7 42. Qf3 Qg7 43. Kf2 Qc3 44. Qe2 Qf6+ 45. Ke1 Qa1+ 46. Kd2 Qe5 0-1


[Site "https://www.chess.com"]